 Dungeon Sprint DCSS version 0.30-a0-475-g03497ec522 (webtiles) character file.

Game seed: 13532070250247303136

12625 rocky1 the Fencer (level 11, -4/95 HPs)
             Began as a Merfolk Gladiator on Dec 21, 2022.
             Was an Initiate of Gozag.
             Succumbed to poison (dark miasma)
             ... in the Dungeon (Sprint III: "The Ten Rune Challenge").
             The game lasted 00:20:43 (3613 turns).

rocky1 the Fencer (Merfolk Gladiator)               Turns: 3613, Time: 00:20:44

Health: -4/95      AC: 12    Str: 14    XL:     11   Next: 96%
Magic:  11/11      EV: 25    Int: 11    God:    Gozag
Gold:   278        SH:  8    Dex: 30    Spells: 10/10 levels left

rFire   + . .      SeeInvis +    a - +2 long sword (holy)
rCold   . . .      Faith    .    t - +0 buckler {AC+3}
rNeg    . . .      Spirit   .    w - +2 robe of Claustrophobia {Drain rPois Regen+}
rPois   +          Reflect  .    s - +2 helmet {Int+3}
rElec   .          Harm     .    A - scarf {repulsion}
rCorr   .          Rampage  +    x - +0 pair of gloves {Stlth+}
Will    +....      NoTele   +    (no boots)
Stlth   +++++++...               y - amulet "Bann" {Contam Rampage rF+ Regen+ SInv}
HPRegen 1.95/turn                l - ring "Hypseaze" {rPois Will+ Dex+4}
MPRegen 0.12/turn                k - +6 ring of dexterity

@: lethally poisoned (-4 -> -42), gold aura, slowed, repel missiles, very slow
A: (nimble swimmer 2), mertail
a: Renounce Religion, Potion Petition, Call Merchant, Bribe Branch


You were in the Dungeon.
You worshipped Gozag.
Gozag was aware of your devotion.
You visited 1 branch You collected 8532 gold pieces.
You spent 4809 gold pieces at shops.
You paid 3445 gold pieces to Gozag.

Inventory:

Hand Weapons
 a - a +2 long sword of holy wrath (weapon)
 b - the +11 dagger of Starshine {vorpal, rF+ Str+4}
   (You bought it in a shop in the Dungeon)

   It inflicts extra damage upon your enemies.
   Str:       It affects your strength (+4).
   rF:        It protects you from fire.
 d - the +4 rapier of Chance {venom, Contam rF+ Int+4 SInv}
   (You bought it in a shop in the Dungeon)

   It poisons the flesh of those it strikes.
   Int:       It affects your intelligence (+4).
   rF:        It protects you from fire.
   SInv:      It lets you see invisible.
   Contam:    It causes magical contamination when unequipped.
 g - the +6 dagger of Infection {flame, Dex+5}
   (You bought it in a shop in the Dungeon)

   It burns those it strikes, dealing additional fire damage.
   Dex:       It affects your dexterity (+5).
 j - the +2 short sword "Ruokhlor" {holy, Fly rElec Dex-5}
   (You bought it in a shop in the Dungeon)

   It has been blessed by the Shining One to cause great damage to the undead
   and demons.
   Dex:       It affects your dexterity (-5).
   rElec:     It insulates you from electricity.
   Fly:       It grants you flight.
Missiles
 e - a javelin (quivered)
 u - 4 silver javelins
 v - 7 curare-tipped darts
Armour
 c - a +0 kite shield of protection
 r - a +0 cloak
 s - a +2 helmet of intelligence (worn)
 t - a +0 buckler of protection (worn)
 w - the +2 robe of Claustrophobia (worn) {Drain rPois Regen+}
   (You bought it in a shop in the Dungeon)

   rPois:     It protects you from poison.
   Regen:     It increases your rate of health regeneration.
   Drain:     It drains your maximum health when unequipped.
 x - a +0 pair of gloves of stealth (worn)
 A - a scarf of repulsion (worn)
Jewellery
 k - a +6 ring of dexterity (right hand)
 l - the ring "Hypseaze" (left hand) {rPois Will+ Dex+4}
   (You bought it in a shop in the Dungeon)

   [ring of poison resistance]

   Dex:       It affects your dexterity (+4).
   rPois:     It protects you from poison.
   Will:      It increases your willpower.
 y - the amulet "Bann" (around neck) {Contam Rampage rF+ Regen+ SInv}
   (You bought it in a shop in the Dungeon)

   [amulet of regeneration]

   rF:        It protects you from fire.
   SInv:      It lets you see invisible.
   Contam:    It causes magical contamination when unequipped.
   Regen:     It increases your rate of health regeneration.
   Rampage:   It bestows one free step when moving towards enemies.
Wands
 h - a wand of flame (16)
Scrolls
 m - 3 scrolls of torment
 n - 2 scrolls of identify
Potions
 f - 3 potions of curing
 i - 2 potions of magic
 o - a potion of flight
 p - 4 potions of mutation
 z - 2 potions of heal wounds
Miscellaneous
 q - a lightning rod (4/4)


   Skills:
 + Level 11.9 Fighting
 + Level 10.0(15.3) Short Blades
 + Level 18.4(19.3) Long Blades
 - Level 2.0 Throwing
 - Level 6.2 Armour
 + Level 12.1 Dodging
 + Level 13.6 Stealth
 + Level 7.8 Shields
 + Level 11.9 Evocations


You had 10 spell levels left.
You didn't know any spells.
Your spell library contained the following spells:

 Spells                   Type           Power      Damage    Failure   Level
 Sublimation of Blood     Necr           0%         N/A       54%         2
 Petrify                  Tmut/Erth      0%         N/A       99%         4
 Irradiate                Conj/Tmut      0%         3d11      100%        5


Dungeon Overview and Level Annotations

Branches:
Dungeon (1/1)

Altars:
Cheibriados
Dithmenos
Elyvilon
Fedhas
Gozag
Hepliaklqana
Kikubaaqudgha
Makhleb
Nemelex Xobeh
Okawaru
Qazlal
Ru
Sif Muna
Trog
Uskayaw
Vehumet
Wu Jian
Xom
Yredelemnul
Zin
The Shining One
Jiyva
Lugonu

Shops:
D [*(([(([!(?[*:=!


Innate Abilities, Weirdness & Mutations

((You are very nimble when in or above water. (Stealth+, EV+, Speed+++)))
Your lower body shifts to a powerful aquatic tail in water.


Message History

You feel a little less mighty now.
You start resting.
HP restored.
Items here: )))).
There is an open door, spattered with blood here.
Items here: )))).
Items here: )))).
There is an open door, spattered with blood here.
You open the door.
There is an open door here.
Really walk into a travel-excluded area?
You open the door.
A floating eye comes into view.
Found 10 scrolls of identify.
You rampage towards the floating eye!
The helpless floating eye fails to defend itself.
You slash the floating eye!
You kill the floating eye!
You are engulfed in dark miasma.
You are poisoned.
You feel yourself slow down.
You feel very sick.
You are engulfed in dark miasma.
You are more poisoned.
You feel extremely sick.
Things that are here:
54 gold pieces; 10 scrolls of identify You close the door.
You are engulfed in dark miasma.
You are more poisoned.
You feel as though you will be slow longer.
You feel extremely sick.
You are engulfed in dark miasma.
You are more poisoned.
* * * LOW HITPOINT WARNING * * *
You feel extremely sick.
You are engulfed in dark miasma.
You are lethally poisoned!
* * * LOW HITPOINT WARNING * * *
You die...
Your body crumbles into a pile of gold.

≈≈≈≈≈♣♣P.'.......#.......#
♣♣♣♣♣♣♣PP#....^^.#########
♣♣♣##'######## #...'.≈§≈≈#
$$#...#.§≈≈≈#
$#).)#.#§§≈## #####.#
§≈≈###≈ $ #..)..###≈≈≈§§≈
#..)).#@#c≈§§§≈ $
#.....#+###≈§≈≈
#....)#§☼§# ≈ #'#####§°§#
#.....§☼§§+
#.#############
#.#)PP........+
#.#.P.....########
#.#.....###.∩⌠⌠∩.#


You could see a yaktaur captain (wandering).

Vanquished Creatures
  Harold (D)
  Erolcha (D)
  Urug (D)
  A lindwurm (D)
  Joseph (D)
  A deep elf pyromancer (D)
  An orange crystal statue (D)
  2 cane toads (D)
  A rime drake (D)
  A komodo dragon (D)
  3 wandering mushrooms (D)
  A queen bee (D)
  4 spriggan defenders (D)
  2 tyrant leeches (D)
  2 orc high priests (D)
  5 blink frogs (D)
  A shadow (D)
  5 redbacks (D)
  A spatial vortex (D)
  A swamp drake (D)
  A floating eye (D)
  5 two-headed ogres (D)
  A necrophage (D)
  A scorpion (D)
  A water elemental (D)
  32 killer bees (D)
  A jelly (D)
  6 orc priests (D)
  Jessica (D)
  3 orc wizards (D)
  A necromancer (D)
  A wizard (D)
  3 humans (D)
  A kobold demonologist (D)
  11 orcs (D)
  3 rats (D)
108 creatures vanquished.

Vanquished Creatures (others)
  10 plants (D)
10 creatures vanquished.

Grand Total: 118 creatures vanquished

Notes
Turn   | Place    | Note
-------+----------+-------------------------------------------
     0 | D        | rocky1 the Merfolk Gladiator began the quest for the Orb.
     0 | D        | Reached XP level 1. HP: 16/16 MP: 1/1
     4 | D        | Reached skill level 4 in Long Blades
    10 | D        | Noticed Jessica
    14 | D        | Killed Jessica
    15 | D        | Reached skill level 8 in Long Blades
    15 | D        | Reached XP level 2. HP: 22/22 MP: 2/2
    15 | D        | Reached XP level 3. HP: 27/27 MP: 3/3
    55 | D        | Reached skill level 9 in Long Blades
    81 | D        | Noticed a scorpion
    96 | D        | Killed a scorpion
    97 | D        | Reached skill level 11 in Long Blades
    97 | D        | Reached XP level 4. HP: 15/33 MP: 4/4
   302 | D        | Noticed a water elemental
   308 | D        | Killed a water elemental
   309 | D        | Reached skill level 13 in Long Blades
   309 | D        | Reached XP level 5. HP: 38/38 MP: 5/5
   568 | D        | Noticed a shadow
   577 | D        | Killed a shadow
   578 | D        | Reached skill level 16 in Long Blades
   578 | D        | Reached XP level 6. HP: 21/44 MP: 6/6
   770 | D        | Found a blossoming altar of Fedhas.
   770 | D        | Found a stormy altar of Qazlal.
   770 | D        | Found a snail-covered altar of Cheibriados.
   770 | D        | Found a burning altar of Makhleb.
   770 | D        | Found a shimmering altar of Xom.
   771 | D        | Found a hazy altar of Hepliaklqana.
   771 | D        | Found an opulent altar of Gozag.
   771 | D        | Found a sparkling altar of Nemelex Xobeh.
   771 | D        | Found a corrupted altar of Lugonu.
   771 | D        | Found a viscous altar of Jiyva.
   771 | D        | Noticed a spatial vortex
   777 | D        | Became a worshipper of Gozag Ym Sagoz the Greedy
   805 | D        | Killed a spatial vortex
   806 | D        | Reached skill level 1 in Armour
   806 | D        | Reached XP level 7. HP: 23/52 MP: 7/7
   911 | D        | Found a basalt altar of Yredelemnul.
   911 | D        | Found a shadowy altar of Dithmenos.
   911 | D        | Found a sacrificial altar of Ru.
   921 | D        | Reached skill level 5 in Dodging
   983 | D        | Found a radiant altar of Vehumet.
   983 | D        | Found a shimmering blue altar of Sif Muna.
   983 | D        | Found an ancient bone altar of Kikubaaqudgha.
   988 | D        | Noticed a hellwing
   990 | D        | Noticed a neqoxec
  1119 | D        | Found a glowing silver altar of Zin.
  1119 | D        | Found a glowing golden altar of the Shining One.
  1119 | D        | Found a white marble altar of Elyvilon.
  1120 | D        | Noticed a deep elf pyromancer
  1126 | D        | Noticed a fire elemental
  1129 | D        | Killed a deep elf pyromancer
  1130 | D        | Reached skill level 5 in Fighting
  1130 | D        | Reached skill level 5 in Stealth
  1130 | D        | Reached XP level 8. HP: 62/62 MP: 8/8
  1234 | D        | Found a hide-covered altar of Uskayaw.
  1234 | D        | Found an iron altar of Okawaru.
  1234 | D        | Found a bloodstained altar of Trog.
  1234 | D        | Found an ornate altar of the Wu Jian Council.
  1459 | D        | Noticed a two-headed ogre
  1463 | D        | Killed a two-headed ogre
  1464 | D        | Reached XP level 9. HP: 71/71 MP: 9/9
  1480 | D        | Found Jylen's General Store.
  1618 | D        | Bought a +0 cloak for 58 gold pieces
  1618 | D        | Bought the +6 dagger of Infection {flame, Dex+5} for 664
                  | gold pieces
  1649 | D        | Noticed Erolcha
  1651 | D        | Noticed a two-headed ogre
  1667 | D        | Killed Erolcha
  1668 | D        | Reached skill level 5 in Armour
  1675 | D        | Killed a two-headed ogre
  1676 | D        | Reached skill level 10 in Dodging
  1676 | D        | Reached skill level 10 in Evocations
  1930 | D        | Bought a fine rapier for 351 gold pieces
  1930 | D        | Identified the +4 rapier of Chance {venom, Contam rF+ Int+4
                  | SInv} (You bought it in a shop in the Dungeon)
  1930 | D        | Bought a steaming dagger for 273 gold pieces
  1930 | D        | Identified the +11 dagger of Starshine {vorpal, rF+ Str+4}
                  | (You bought it in a shop in the Dungeon)
  1930 | D        | Bought a shimmering short sword for 312 gold pieces
  1930 | D        | Identified the +2 short sword "Ruokhlor" {holy, Fly rElec
                  | Dex-5} (You bought it in a shop in the Dungeon)
  2100 | D        | Noticed a wandering mushroom
  2104 | D        | Noticed a wandering mushroom
  2106 | D        | Noticed a wandering mushroom
  2107 | D        | Killed a wandering mushroom
  2108 | D        | Reached XP level 10. HP: 82/82 MP: 10/10
  2142 | D        | Noticed a cane toad
  2142 | D        | Noticed a cane toad
  2152 | D        | Killed a cane toad
  2153 | D        | Reached skill level 1 in Short Blades
  2163 | D        | Killed a cane toad
  2175 | D        | Reached skill level 10 in Stealth
  2321 | D        | Bought a +2 helmet of intelligence for 322 gold pieces
  2321 | D        | Bought a +0 buckler of protection for 172 gold pieces
  2338 | D        | Reached skill level 1 in Shields
  2368 | D        | Noticed a lindwurm
  2372 | D        | Killed a lindwurm
  2373 | D        | Reached skill level 5 in Short Blades
  2582 | D        | Noticed Urug
  2584 | D        | Killed Urug
  2585 | D        | Reached skill level 17 in Long Blades
  2623 | D        | Reached XP level 11. HP: 90/90 MP: 11/11
  2654 | D        | Reached skill level 10 in Fighting
  2656 | D        | Reached skill level 5 in Shields
  2824 | D        | Noticed Joseph
  2825 | D        | Noticed Harold
  2828 | D        | Killed Harold
  2830 | D        | Killed Joseph
  2877 | D        | Bought the +2 robe of Claustrophobia {Drain rPois Regen+}
                  | for 244 gold pieces
  2931 | D        | Reached skill level 18 in Long Blades
  3101 | D        | Bought a pair of runed gloves for 172 gold pieces
  3101 | D        | Bought an ichor-stained leather armour for 161 gold pieces
  3101 | D        | Identified the +3 leather armour of Burch {Str+6} (You
                  | bought it in a shop in the Dungeon)
  3101 | D        | Bought a pair of embroidered gloves for 172 gold pieces
  3110 | D        | Bought a glowing kite shield for 172 gold pieces
  3143 | D        | Noticed a soul eater
  3158 | D        | Noticed a sun demon
  3264 | D        | Noticed an orange crystal statue
  3285 | D        | Killed an orange crystal statue
  3381 | D        | Found Syuhuih's Magic Scroll Emporium.
  3381 | D        | Found Fefaafag's General Store.
  3381 | D        | Found Bisot's Distillery.
  3381 | D        | Found Ateha's Distillery.
  3381 | D        | Found Qeewkos's Antique Weapon Boutique.
  3381 | D        | Found Zapiff's Antique Armour Emporium.
  3381 | D        | Found Venwye's Antique Armour Shoppe.
  3381 | D        | Found Vuodwauz's Antique Weapon Shop.
  3381 | D        | Found Ifott's Jewellery Emporium.
  3381 | D        | Found Ceistrat's Antique Weapon Emporium.
  3381 | D        | Found Jul Qesena's Book Boutique.
  3426 | D        | Bought a +6 ring of dexterity for 468 gold pieces
  3426 | D        | Bought the ring "Hypseaze" {rPois Will+ Dex+4} for 533 gold
                  | pieces
  3426 | D        | Bought the amulet "Bann" {Contam Rampage rF+ Regen+ SInv}
                  | for 553 gold pieces
  3437 | D        | Bought a potion of heal wounds for 65 gold pieces
  3442 | D        | Bought a potion of heal wounds for 65 gold pieces
  3444 | D        | Bought a potion of might for 52 gold pieces
  3525 | D        | Reached skill level 10 in Short Blades
  3609 | D        | Noticed a yaktaur captain
  3613 | D        | Succumbed to poison (dark miasma)

Illustrated notes

Levels and vault maps discovered:
D:        dungeon_sprint_mu [sprint_mu_entry_forest, sprint_mu_temple_rooms,
          sprint_mu_d1_spiders, sprint_mu_d2_genie, sprint_mu_d3_branching,
          sprint_mu_orc_legion, sprint_mu_elf_gauntlet, sprint_mu_hive_nellie,
          sprint_mu_lair_fedhas, sprint_mu_vaults_butterflies,
          sprint_mu_slime_circle, sprint_mu_swamp_cave, sprint_mu_snake_twists,
          sprint_mu_blade_basic, sprint_mu_crypt_lich, sprint_mu_tomb_spiral,
          sprint_mu_vestibule_basic, sprint_mu_gehenna_hellfire,
          sprint_mu_dis_giant, sprint_mu_tartarus_statrot,
          sprint_mu_cocytus_islands, sprint_mu_zot1]

Skill      XL: |  1  2  3  4  5  6  7  8  9 10 11 |
---------------+----------------------------------+-----
Long Blades    | 8 11 13 16 17 18 | 18.4
Fighting       | 3 5 6 8 9 11 | 11.9
Armour         | 1 3 4 5 6 |  6.2
Stealth        | 2 5 6 9 11 13 | 13.6
Evocations     | 3 6 8 10 11 | 11.9
Dodging        | 7 8 10 11 12 | 12.1
Short Blades   | 6 10 | 10.0
Shields        | 4 7 |  7.8
Throwing       | |  2.0

Action                   |  1- 3 |  4- 6 |  7- 9 | 10-12 || total
-------------------------+-------+-------+-------+-------++-------
Melee: Long sword        |    20 |    29 |    84 |   132 ||   265
       Tailslap          |     2 |       |       |     3 ||     5
       Dagger            |       |       |     5 |    68 ||    73
       Punch             |       |       |     1 |       ||     1
Throw: Throwing net      |     4 |       |     3 |       ||     7
Invok: Call Merchant     |       |       |     1 |     3 ||     4
Evoke: Lightning rod     |       |       |     8 |    11 ||    19
  Use: Scroll            |       |     2 |       |     1 ||     3
       Potion            |       |     1 |     2 |     3 ||     6
 Stab: Sleeping          |     1 |       |     3 |    14 ||    18
       Held in net/web   |     1 |       |     3 |       ||     4
       Distracted        |       |       |       |     2 ||     2
Armor: Leather armour    |     2 |     1 |     3 |     1 ||     7
       Robe              |       |       |       |    14 ||    14
Dodge: Dodged            |     7 |     7 |    34 |   130 ||   178
Block: Buckler           |       |       |       |    54 ||    54

Table legend: (Time is in decaauts)
 A = Elapsed time spent in this place.
 B = Non-inter-level travel time spent in this place.
 C = Inter-level travel time spent in this place.
 D = Time resting spent in this place.
 E = Time spent auto-exploring this place.
 F = Levels seen in this place.
 G = Mean time per level.
                   A        B        C        D        E       F      G
               +--------+--------+--------+--------+--------+-----+--------+
         Total |   3455 |   3374 |     81 |   2134 |      6 |   1 | 3455.0 |
       Dungeon |   3455 |   3374 |     81 |   2134 |      6 |   1 | 3455.0 |
               +--------+--------+--------+--------+--------+-----+--------+

Top non-repeatable levels by time:
       D: 3455 daAuts
